 Dungeon Crawl Stone Soup version 0.23-a0-644-gb60d84b (webtiles) character file.

105 George the Slasher (level 4, -7/35 HPs)
             Began as a Mummy Fighter on Jan 1, 2019.
             Mangled by an ogre
             ... wielding a +0 giant spiked club
              (21 damage)
             ... on level 2 of the Dungeon.
             The game lasted 00:01:46 (1683 turns).

George the Slasher (Mummy Fighter)                  Turns: 1683, Time: 00:01:46

Health: -7/35      AC:  7    Str: 20    XL:     4   Next: 53%
Magic:  4/4        EV:  4    Int:  7    God:
Gold:   96         SH:  8    Dex: 11    Spells: 3/3 levels left

rFire    x . .     SeeInvis .   a - +0 long sword
rCold    + . .     Gourm    .   c - +0 shield
rNeg     + + +     Faith    .   b - +0 scale mail
rPois    ∞         Spirit   .   (no helmet)
rElec    .         Reflect  .   (no cloak)
rCorr    .         Harm     .   (no gloves)
MR       .....                  f - +0 pair of boots
Stlth    ..........             (no amulet)
HPRegen  0.11/turn              (no ring)
MPRegen  0.09/turn              (no ring)

@: constricted
A: no food or potions, fire vulnerability, cold resistance 1, negative energy
resistance 3, torment resistance, unbreathing
a: no special abilities


You were on level 2 of the Dungeon.
You were not hungry.

You visited 1 branch of the dungeon, and saw 2 of its levels.

You collected 96 gold pieces.

Inventory:

Hand Weapons
 a - a +0 long sword (weapon)
Armour
 b - a +0 scale mail (worn)
 c - a +0 shield (worn)
 f - a +0 pair of boots (worn)
Scrolls
 d - a scroll of teleportation {unknown}
 e - a scroll of enchant weapon {unknown}
 g - 2 scrolls of identify {unknown}
 h - a scroll of amnesia {unknown}
 i - a scroll of fear {unknown}


   Skills:
 - Level 3.0 Fighting
 + Level 4.0 Long Blades
 - Level 2.4 Armour
 - Level 2.4 Shields


You had 3 spell levels left.
You didn't know any spells.
Your spell library was empty.

Dungeon Overview and Level Annotations

Branches:
Dungeon (2/15)

Altars:


Innate Abilities, Weirdness & Mutations

You do not eat or drink.
Your flesh is vulnerable to fire.
You are immune to poison.
Your flesh is cold resistant. (rC+)
You are immune to negative energy. (rN+++)
You are immune to unholy pain and torment.
You can survive without breathing.


Message History

There is an escape hatch in the floor here.
i - a scroll labeled YNOACS SERIRE An ogre comes into view.
It is wielding a +0 giant spiked club.
There is an escape hatch in the floor here.
Found a stone staircase leading down.
A ball python comes into view.
The ball python hisses angrily.
The ogre hits you with a +0 giant spiked club!!
Ouch! That really hurt!
You completely miss the ogre. You block the ball python's attack.
The ball python grabs you. The ball python constricts you.
The ball python bites you but does no damage.
The ball python constricts you.
You closely miss the ogre. You block the ogre's attack.
The ball python bites you. The ball python constricts you.
You barely miss the ogre. You block the ball python's attack.
The ball python constricts you.
The ogre hits you with a +0 giant spiked club!!
Ouch! That really hurt!
You die...

##### ...#
#########.######
#......>.....#.#
#.#######.##.#.#
#.# #.##...#
#.#######.####.#
..........O>##.#
...........#@##.#
...##########S##.#
.... ..##.# ###.#
##.##.# # ##
####.# #
#.######## #
#.......[# #
######.### # #.#


You could see an ogre and a ball python.

Vanquished Creatures
  A crimson imp (D:2)
  An adder (D:2)
  An ooze (D:2)
  3 worms (D:2)
  A dart slug (D:1)
  3 leopard geckos
  4 bats
  3 giant cockroaches (D:1)
  A goblin (D:1)
  11 hobgoblins
  4 jackals (D:2)
  2 frilled lizards
  3 kobolds
  6 rats
44 creatures vanquished.

Notes
Turn   | Place    | Note
-------+----------+-------------------------------------------
     0 | D:1      | George the Mummy Fighter began the quest for the Orb.
     0 | D:1      | Reached XP level 1. HP: 18/18 MP: 1/1
    36 | D:1      | Reached skill level 2 in Long Blades
   144 | D:1      | Reached XP level 2. HP: 19/24 MP: 2/2
   543 | D:1      | Reached XP level 3. HP: 28/29 MP: 3/3
   611 | D:2      | Reached skill level 3 in Long Blades
  1490 | D:2      | Reached XP level 4. HP: 35/35 MP: 4/4
  1525 | D:2      | Reached skill level 4 in Long Blades
  1666 | D:2      | Noticed an ogre
  1683 | D:2      | Mangled by an ogre

Vault maps used:
D:1:      lemuel_arrival_hallway, chequers_serial_rivers_room_a,
          minmay_split_cup_large

Skill      XL: |  1  2  3  4 |
---------------+-------------+-----
Long Blades    | 2 3 4 |  4.0
Fighting       | |  3.0
Armour         | |  2.4
Shields        | |  2.4

Action                   |  1- 3 |  4- 6 || total
-------------------------+-------+-------++-------
Melee: Long sword        |   161 |    15 ||   176
Armor: Scale mail        |    86 |     5 ||    91
Dodge: Dodged            |    63 |     3 ||    66
Block: Shield            |   101 |     9 ||   110
       Rpst.: Long sword |    22 |     1 ||    23

Table legend:
 A = Non-vault XP
 B = Vault XP
 C = Vault XP percentage of total XP
 D = Non-vault monster count
 E = Vault monster count
 F = Vault count percentage of total count
                 A         B        C        D         E       F
            +---------+---------+-------+---------+---------+-------
      Total |     144 |       6 |   4.0 |      40 |       4 |   9.1
            +---------+---------+-------+---------+---------+-------
        D:1 |      36 |       6 |  14.3 |      18 |       4 |  18.2
        D:2 |     108 |       0 |   0.0 |      22 |       0 |   0.0
            +---------+---------+-------+---------+---------+-------
